 Dungeon Crawl Stone Soup version 0.29.0-4-gdea44cf6ec (webtiles) character file.

Game seed: 11830483032941233252

91 qw the Chopper (level 4, 0/28 HPs)
             Began as a Gargoyle Fighter on Sept 10, 2022.
             Killed from afar by an orc wizard (7 damage)
             ... with a puff of flame
             ... on level 4 of the Dungeon.
             The game lasted 00:00:56 (2782 turns).

qw the Chopper (Gargoyle Fighter)                   Turns: 2782, Time: 00:00:57

Health: 0/28       AC: 12    Str: 21    XL:     4   Next: 57%
Magic:  4/4        EV:  7    Int:  9    God:
Gold:   157        SH:  4    Dex:  9    Spells: 3/3 levels left

rFire   . . .      SeeInvis .   Y - +2 war axe (drain)
rCold   . . .      Faith    .   c - +0 buckler
rNeg    + . .      Spirit   .   g - +0 chain mail
rPois   inf        Reflect  .   (no helmet)
rElec   +          Harm     .   (no cloak)
rCorr   .          Rampage  .   (no gloves)
Will    .....                   (no boots)
Stlth   ..........              (no amulet)
HPRegen 0.09/turn               (no ring)
MPRegen 0.09/turn               (no ring)

@: no status effects
A: sickness immunity, AC +3, negative energy resistance 1, electricity
resistance, torment resistance 1, petrification resistance
a: no special abilities


You were on level 4 of the Dungeon.
You visited 1 branch of the dungeon, and saw 4 of its levels.

You collected 157 gold pieces.


Innate Abilities, Weirdness & Mutations

You are immune to sickness and miasma.
Your stone body is resilient. (AC +3)
You are immune to poison.
You resist negative energy. (rN+)
You are resistant to electric shocks. (rElec)
You are resistant to unholy torment.
You are immune to petrification.


   Skills:
 - Level 3.2 Fighting
 + Level 4.2 Axes
 - Level 3.2 Armour
 - Level 3.2 Shields


You had 3 spell levels left.
You didn't know any spells.
Your spell library was empty.

Inventory:

Hand Weapons
 f - a +0 flail
 Y - a +2 war axe of draining (weapon)
Missiles
 l - 6 boomerangs (quivered)
Armour
 c - a +0 buckler (worn)
 g - a +0 chain mail (worn)
Scrolls
 a - a scroll of enchant armour
 b - a scroll of identify
 h - a scroll of blinking
Potions
 d - a potion of might
 e - a potion of curing
 i - a potion of flight {unknown}
 j - a potion of cancellation
 m - a potion of haste {unknown}
 n - 2 potions of lignification
 p - a potion of heal wounds {unknown}

Dungeon Overview and Level Annotations

Branches:
Dungeon (4/15)
 Temple: D:4-7

Altars:


Message History

The orc wizard flickers and vanishes!
Deactivating autopickup; reactivate with Ctrl-A.
A jelly comes into view.
The orc wizard casts a spell at you. The magic dart hits you.
You closely miss the orc wizard.
The jelly quivers.
The ball python hisses angrily.
You hear some strange, mumbled words.
A puff of flame appears from out of thin air!
The puff of flame hits you.
The orc wizard gestures wildly while chanting.
The orc wizard flickers and vanishes!
Something hits you but does no damage.
You miss something. You barely miss something.
Something hits you but does no damage. x2
You slash something! You miss something.
You hear some strange, mumbled words.
Something tries to affect you, but you resist.
You hear some strange, mumbled words.
A puff of flame appears from out of thin air!
You block the puff of flame.
You hit something but do no damage. You barely miss something.
Something hits you but does no damage. Something hits you.
You barely miss something. You miss something.
Something hits you but does no damage. x4
You miss something. You closely miss something.
Something hits you but does no damage. x2
You closely miss something. You barely miss something.
You hear some strange, mumbled words.
A puff of flame appears from out of thin air!
The puff of flame misses you. Something hits you but does no damage.
You closely miss something. You miss something.
Something hits you but does no damage. Something hits you. x2
You hear some strange, mumbled words.
A magic dart appears from out of thin air!
The magic dart hits you!
You closely miss something. You miss something.
You hear some strange, mumbled words.
A puff of flame appears from out of thin air!
The puff of flame hits you!
You die...

#######(! ###
#{{SJ....
##.## #@#
##.#.######)#
#.###......)#
##.#.########
####. ##.##
..... #.#
########.#
#...<....#
#.#####..#


You could see a jelly and a ball python.

Vanquished Creatures
  2 adders
  2 worms (D:3)
  4 orcs
  5 bats
  7 endoplasms
  3 giant cockroaches
  6 hobgoblins
  2 quokkas
  10 ball pythons
  4 frilled lizards
  7 goblins
  4 kobolds
  3 rats
59 creatures vanquished.

Notes
Turn   | Place    | Note
-------+----------+-------------------------------------------
     0 | D:1      | qw the Gargoyle Fighter began the quest for the Orb.
     0 | D:1      | Reached XP level 1. HP: 14/14 MP: 1/1
     0 | D:1      | 0 ||| qw: Version: 0.1-a-116-g5d60599
     0 | D:1      | 0 ||| qw: Game counter: 7664
     0 | D:1      | 0 ||| qw: Always use a shield: true
     0 | D:1      | 0 ||| qw: God list: Okawaru
     0 | D:1      | 0 ||| qw: Allow faded altars: false
     0 | D:1      | 0 ||| qw: Do Orc after D:15 true
     0 | D:1      | 0 ||| qw: Do second Lair branch before Depths: true
     0 | D:1      | 0 ||| qw: Lair rune preference: random
     0 | D:1      | 0 ||| qw: Plans: Normal, Zot, God:TSO, Crypt, Tomb, Zig,
                  | Orb
     0 | D:1      | 0 ||| PLANNING D:1-11
    32 | D:1      | Reached skill level 2 in Axes
   254 | D:1      | Reached XP level 2. HP: 14/19 MP: 2/2
   665 | D:1      | 665 ||| Stepping ~*~*~tactically~*~*~ (stealth).
   957 | D:1      | Reached skill level 3 in Axes
   990 | D:1      | 990 ||| UPGRADING to +0 chain mail.
  1000 | D:1      | 1000 ||| DROPPING +0 scale mail.
  1001 | D:1      | 1001 ||| READING 2 scrolls labelled DUCSULEEMN.
  1002 | D:1      | 1002 ||| READING scroll labelled FAEMURGHEVUI.
  1007 | D:1      | 1007 ||| READING 2 scrolls labelled KEKEOT NYCIU.
  1008 | D:1      | 1008 ||| READING scroll labelled GIERUSCHIDEMN.
  1009 | D:1      | 1009 ||| DRINKING 2 glowing white potions.
  1010 | D:1      | 1010 ||| DROPPING potion of invisibility.
  1163 | D:2      | Reached XP level 3. HP: 23/23 MP: 3/3
  1869 | D:2      | 1869 ||| READING scroll labelled ZINALI EFRA.
  1870 | D:2      | 1870 ||| READING scroll labelled ALYILLUANU.
  1871 | D:2      | 1871 ||| READING scroll labelled MUULLO VEA.
  1872 | D:2      | 1872 ||| READING scroll labelled DAQAHYSSUEJ.
  1873 | D:2      | 1873 ||| DRINKING 2 ruby potions.
  2099 | D:3      | 2099 ||| DROPPING +0 whip.
  2207 | D:3      | Reached XP level 4. HP: 28/28 MP: 4/4
  2295 | D:3      | 2295 ||| Stepping ~*~*~tactically~*~*~ (stealth).
  2300 | D:3      | Reached skill level 4 in Axes
  2308 | D:3      | 2308 ||| Stepping ~*~*~tactically~*~*~ (stealth).
  2437 | D:3      | 2437 ||| DRINKING 2 bubbling orange potions.
  2438 | D:3      | 2438 ||| DRINKING 3 golden potions.
  2577 | D:4      | 2577 ||| READING scroll of enchant weapon.
  2577 | D:4      | 2577 ||| ENCHANTING +1 war axe of draining.
  2585 | D:4      | 2585 ||| FLEEEEING.
  2586 | D:4      | 2586 ||| FLEEEEING.
  2591 | D:4      | 2591 ||| FLEEEEING.
  2599 | D:4      | 2599 ||| FLEEEEING.
  2600 | D:4      | 2600 ||| FLEEEEING.
  2601 | D:4      | 2601 ||| FLEEEEING.
  2602 | D:4      | 2602 ||| FLEEEEING.
  2603 | D:4      | 2603 ||| FLEEEEING.
  2604 | D:4      | 2604 ||| FLEEEEING.
  2605 | D:4      | 2605 ||| FLEEEEING.
  2606 | D:4      | 2606 ||| FLEEEEING.
  2607 | D:4      | 2607 ||| FLEEEEING.
  2608 | D:4      | 2608 ||| FLEEEEING.
  2609 | D:4      | 2609 ||| FLEEEEING.
  2610 | D:4      | 2610 ||| FLEEEEING.
  2611 | D:4      | 2611 ||| FLEEEEING.
  2617 | D:4      | 2617 ||| FLEEEEING.
  2621 | D:4      | 2621 ||| STAIRDANCE
  2781 | D:4      | HP: 7/28 [something/magic dart (7)]
  2782 | D:4      | Killed from afar by an orc wizard

Levels and vault maps discovered:
D:1:      scummos_arrival_forest, layout_rooms, kennysheep_decorative_pillar
D:2:      layout_basic, minivault_23
D:3:      layout_loops_cross
D:4:      layout_loops_ring, vehumet_altar_wand_db

Skill      XL: |  1  2  3  4 |
---------------+-------------+-----
Axes           | 2 3 4 |  4.2
Fighting       | |  3.2
Armour         | |  3.2
Shields        | |  3.2

Action                   |  1- 3 |  4- 6 || total
-------------------------+-------+-------++-------
Melee: War axe           |    85 |    35 ||   120
Throw: Boomerang         |    39 |    21 ||    60
  Use: Scroll            |     8 |     1 ||     9
       Potion            |     2 |     2 ||     4
Armor: Scale mail        |    38 |       ||    38
       Chain mail        |     3 |    23 ||    26
Dodge: Dodged            |    34 |     5 ||    39
Block: Buckler           |     9 |     5 ||    14

Table legend:
 A = Non-vault XP
 B = Vault XP
 C = Vault XP percentage of total XP
 D = Non-vault monster count
 E = Vault monster count
 F = Vault count percentage of total count
                 A         B        C        D         E       F
            +---------+---------+-------+---------+---------+-------
      Total |     130 |       0 |   0.0 |      59 |       0 |   0.0
            +---------+---------+-------+---------+---------+-------
        D:1 |      30 |       0 |   0.0 |      19 |       0 |   0.0
        D:2 |      38 |       0 |   0.0 |      17 |       0 |   0.0
        D:3 |      45 |       0 |   0.0 |      16 |       0 |   0.0
        D:4 |      17 |       0 |   0.0 |       7 |       0 |   0.0
            +---------+---------+-------+---------+---------+-------
